 Dungeon Crawl Stone Soup version 0.25-a0-661-g55ea3d2053 (webtiles) character file.

Game seed: 114241944629140553, levelgen mode: deterministic

18 An17 the Gusty (level 2, 0/20 HPs)
             Began as a Demigod Air Elementalist on Mar 23, 2020.
             Succumbed to an adder's poison
             ... on level 2 of the Dungeon.
             The game lasted 00:01:56 (677 turns).

An17 the Gusty (Demigod Air Elementalist)            Turns: 677, Time: 00:01:56

Health: 0/20       AC:  2    Str: 11    XL:     2   Next: 36%
Magic:  0/7        EV: 12    Int: 19    God:
Gold:   43         SH:  0    Dex: 14    Spells: 4/5 levels left

rFire    . . .     SeeInvis .   h - +2 dagger (flame)
rCold    . . .     Gourm    .   (no shield)
rNeg     . . .     Faith    .   a - +0 robe
rPois    .         Spirit   .   (no helmet)
rElec    .         Reflect  .   (no cloak)
rCorr    .         Harm     .   (no gloves)
MR       .....                  (no boots)
Stlth    ++........             (no amulet)
HPRegen  0.06/turn              (no ring)
MPRegen  0.10/turn              (no ring)

@: mighty, lethally poisoned (0 -> -5), very slightly contaminated
A: blink, clumsy 1, high mp 1
a: Blink


You were on level 2 of the Dungeon.
You were not hungry.

You visited 1 branch of the dungeon, and saw 2 of its levels.

You collected 43 gold pieces.

Inventory:

Hand Weapons
 h - a +2 dagger of flaming (weapon)
Armour
 a - a +0 robe (worn)
 g - a +0 ring mail
Potions
 b - a potion of curing {unknown}
 d - a potion of heal wounds {unknown}
 e - a potion of might
 f - a potion of mutation
Comestibles
 c - 4 rations


   Skills:
 + Level 1.8 Dodging
 - Level 1.7 Stealth
 + Level 2.0 Spellcasting
 + Level 1.5 Conjurations
 + Level 3.1 Air Magic


You had 4 spell levels left.
You knew the following spells:

 Your Spells              Type           Power        Failure   Level  Hunger
a - Shock                 Conj/Air       ##..         7%          1    #......

Your spell library contained the following spells:

 Spells                   Type           Power        Failure   Level  Hunger
 Swiftness                Chrm/Air       #.......     14%         2    ###....
 Static Discharge         Conj/Air       ##......     21%         3    ###....
 Airstrike                Air            ##........   43%         4    #####..
 Lightning Bolt           Conj/Air       ##........   88%         5    ######.


Dungeon Overview and Level Annotations

Branches:
Dungeon (2/15)


Innate Abilities, Weirdness & Mutations

You have an increased reservoir of magic. (+10% MP)
You can translocate small distances at will.
You are clumsy. (Dex -2)


Message History

Confirm with . or Enter, or press ? or * to list all spells.
You don't have enough magic to cast that spell.
Unknown command.
The adder barely misses you.
It was a potion of mutation.
You feel extremely strange.
You feel clumsy.
You feel jittery.
* * * LOW HITPOINT WARNING * * *
You feel sick. The adder closely misses you.
You blink.
You feel slightly more hungry.
It was a potion of might.
You feel very mighty all of a sudden.
You closely miss the adder.
The adder is severely wounded.
The adder bites you.
* * * LOW HITPOINT WARNING * * *
You puncture the adder! You burn the adder.
You kill the adder!
Your Conjurations skill increases to level 1!
You have reached level 2!
You die...

..#..†....###
#....._.....
#.......#
#.....#
##...## #
##.## .# #
#...##.#
#.##.#....#
#..@†..####
####.### ###


There were no monsters in sight!

Vanquished Creatures
  An adder (D:2)
  A bat (D:1)
  2 goblins (D:1)
  A hobgoblin (D:1)
  3 kobolds
  2 rats (D:1)
10 creatures vanquished.

Notes
Turn   | Place    | Note
-------+----------+-------------------------------------------
     0 | D:1      | An17 the Demigod Air Elementalist began the quest for the
                  | Orb.
     0 | D:1      | Reached XP level 1. HP: 14/14 MP: 5/5
   507 | D:1      | Reached skill level 3 in Air Magic
   656 | D:2      | Found a hide-covered altar of Uskayaw.
   673 | D:2      | Gained mutation: You are clumsy. (Dex -2) [potion of
                  | mutation]
   673 | D:2      | Gained mutation: You can translocate small distances at
                  | will. [potion of mutation]
   677 | D:2      | Reached skill level 1 in Conjurations
   677 | D:2      | Reached XP level 2. HP: 1/20 MP: 0/7
   677 | D:2      | Succumbed to an adder's poison

Levels and vault maps discovered:
D:1:      dpeg_arrival_leaves_temple_mockup, layout_loops_ring, st_stairs_1
D:2:      minmay_chambers_of_ones, layout_loops_cross, lemuel_round_altar,
          serial_forest, infiniplex_forest_corner_2,
          infiniplex_forest_lined_room_3, infiniplex_forest_lined_2,
          infiniplex_forest_clump_small, infiniplex_forest_lined_3_way,
          infiniplex_forest_clump_cross, infiniplex_forest_straight_4,
          infiniplex_forest_clump_curved, nrook_mini_backslash,
          kennysheep_generic_room_12

Skill      XL: |  1 |
---------------+----+-----
Spellcasting   | 2 |  2.0
Air Magic      | 3 |  3.1
Conjurations   | 1 |  1.5
Dodging        | |  1.8
Stealth        | |  1.7

Action                   || total
-------------------------++-------
Melee: Dagger            ||    15
 Cast: Shock             ||    20
 Abil: Blink             ||     1
  Use: Scroll            ||     3
       Potion            ||     2
Armor: Robe              ||     2
Dodge: Dodged            ||    19

Table legend:
 A = Non-vault XP
 B = Vault XP
 C = Vault XP percentage of total XP
 D = Non-vault monster count
 E = Vault monster count
 F = Vault count percentage of total count
                 A         B        C        D         E       F
            +---------+---------+-------+---------+---------+-------
      Total |      23 |       4 |  14.8 |       8 |       2 |  20.0
            +---------+---------+-------+---------+---------+-------
        D:1 |       8 |       4 |  33.3 |       6 |       2 |  25.0
        D:2 |      15 |       0 |   0.0 |       2 |       0 |   0.0
            +---------+---------+-------+---------+---------+-------
